 Dungeon Crawl Stone Soup version 0.23.0 (webtiles) character file.

Game seed: 15531885570414067206

861 Kohma the Ruffian (level 7, -4/70 HPs)
             Began as a Troll Monk on Feb 15, 2019.
             Was a Believer of Yredelemnul.
             Slain by Duvessa
             ... wielding a +0 short sword of protection
              (11 damage)
             ... on level 5 of the Dungeon.
             The game lasted 00:10:31 (3448 turns).

Kohma the Ruffian (Troll Monk)                      Turns: 3448, Time: 00:10:31

Health: -4/70      AC:  7    Str: 22    XL:     7   Next: 71%
Magic:  8/8        EV: 11    Int:  6    God:    Yredelemnul [**....]
Gold:   224        SH:  0    Dex: 12    Spells: 6/6 levels left

rFire    . . .     SeeInvis .     - Unarmed
rCold    . . .     Gourm    +   (no shield)
rNeg     . . .     Faith    .   m - +1 robe
rPois    .         Spirit   .   (helmet restricted)
rElec    .         Reflect  .   (no cloak)
rCorr    .         Harm     .   (gloves unavailable)
MR       .....                  (boots unavailable)
Stlth    ++........             (no amulet)
HPRegen  0.61/turn              (no ring)
MPRegen  0.11/turn              (no ring)

@: no status effects
A: large, unfitting armour, claws 3, fast metabolism 3, gourmand, regeneration
1, shaggy fur 1, tough skin 3
a: Animate Remains, Recall Undead Slaves, Injury Mirror, Renounce Religion


You were on level 5 of the Dungeon.
You worshipped Yredelemnul.
Yredelemnul was pleased with you.
You were completely stuffed.

You visited 1 branch of the dungeon, and saw 5 of its levels.

You collected 224 gold pieces.

Inventory:

Hand Weapons
 f - a +2 dagger of venom
Missiles
 k - 83 stones (quivered)
Armour
 m - a +1 robe (worn)
Wands
 u - a wand of paralysis (11)
Scrolls
 c - 4 scrolls of remove curse
 e - 5 scrolls of teleportation
 i - a scroll of fear
 l - 2 scrolls of enchant weapon
Potions
 a - 2 potions of might
 d - a potion of haste {unknown}
 g - 2 potions of agility
 h - 6 potions of curing
 j - a potion of heal wounds
 n - a potion of mutation
 o - a potion of ambrosia
 p - a potion of magic {unknown}
 r - 2 potions of degeneration {unknown}
 t - a potion of flight {unknown}
Comestibles
 b - 13 rations


   Skills:
 + Level 4.1 Fighting
 - Level 3.1 Dodging
 - Level 1.0 Stealth
 * Level 6.4 Unarmed Combat
 * Level 3.9 Invocations


You had 6 spell levels left.
You didn't know any spells.
Your spell library was empty.

Dungeon Overview and Level Annotations

Branches:
Dungeon (5/15)
 Temple: D:4-7

Altars:
Fedhas
Hepliaklqana
Wu Jian
Yredelemnul
The Shining One

Annotations:
D:4 1 exclusion
D:5 Duvessa


Innate Abilities, Weirdness & Mutations

You are too large for most types of armour.
You have claws for hands.
Your metabolism is lightning-fast.
You like to eat raw meat.
Your natural rate of healing is unusually fast.
You are covered in fur. (AC +1)
You have extremely tough skin. (AC +3)


Message History

You claw Dowan!
You kill Dowan!
Yredelemnul accepts your kill.
Duvessa screams in rage.
Duvessa goes berserk!
Duvessa hits you but does no damage. Duvessa closely misses you.
You scratch Duvessa but do no damage.
Duvessa hits you with a +0 short sword of protection.
You barely miss Duvessa.
Duvessa hits you with a +0 short sword of protection.
* * * LOW HITPOINT WARNING * * *
You scratch Duvessa but do no damage.
Duvessa hits you with a +0 short sword of protection.
* * * LOW HITPOINT WARNING * * *
All of the chunks of flesh in your inventory have rotted away.
Duvessa hits you with a +0 short sword of protection!
* * * LOW HITPOINT WARNING * * *
Duvessa hits you with a +0 short sword of protection!
You die...
Your body rises from the dead as a mindless zombie.

# #. #..
###...#######..
......e@)......
...............
...%...........
###...#######.#
#... . #$.. ...
.#..


You could see Duvessa (berserk).

Vanquished Creatures
  An ogre (D:4)
  A phantom (D:4)
  A water moccasin zombie (D:4)
  Dowan (D:5)
  3 wights (D:4)
  A bullfrog zombie (D:4)
  2 hounds (D:4)
  An orc priest (D:4)
  2 orc wizards (D:4)
  A centaur skeleton (D:4)
  Terence (D:2)
  A worker ant (D:2)
  A hound zombie (D:4)
  A hound skeleton (D:4)
  Robin (D:3)
  3 gnolls (D:3)
  2 howler monkey skeletons (D:4)
  2 adders
  2 adder zombies (D:4)
  3 adder skeletons (D:4)
  2 worms
  3 dart slugs
  5 leopard geckos
  4 orcs (D:4)
  A giant cockroach (D:1)
  8 hobgoblins
  6 jackals
  6 kobolds
  A quokka (D:2)
  2 bats (D:1)
  2 frilled lizards (D:1)
  16 goblins
  A leopard gecko skeleton (D:4)
  2 leopard gecko zombies (D:4)
  4 rats
94 creatures vanquished.

Notes
Turn   | Place    | Note
-------+----------+-------------------------------------------
     0 | D:1      | Kohma the Troll Monk began the quest for the Orb.
     0 | D:1      | Reached XP level 1. HP: 22/22 MP: 0/0
   315 | D:1      | Reached XP level 2. HP: 29/29 MP: 1/1
   624 | D:1      | Reached XP level 3. HP: 36/36 MP: 2/2
  1230 | D:2      | Reached skill level 4 in Unarmed Combat
  1337 | D:2      | Reached XP level 4. HP: 45/45 MP: 3/3
  1450 | D:2      | Noticed Terence
  1463 | D:2      | Killed Terence
  1764 | D:3      | Noticed Robin
  1814 | D:3      | Killed Robin
  1814 | D:3      | Reached XP level 5. HP: 41/53 MP: 4/4
  1901 | D:3      | Found a hazy altar of Hepliaklqana.
  1902 | D:3      | Found an ornate altar of the Wu Jian Council.
  1902 | D:3      | Found a blossoming altar of Fedhas.
  1902 | D:3      | Found a basalt altar of Yredelemnul.
  1920 | D:3      | Became a worshipper of Yredelemnul the Dark
  1920 | D:3      | Reached * piety under Yredelemnul
  1920 | D:3      | Reached ** piety under Yredelemnul
  2372 | D:4      | Reached skill level 1 in Invocations
  2475 | D:4      | Reached skill level 5 in Unarmed Combat
  2499 | D:4      | Reached XP level 6. HP: 45/61 MP: 6/6
  2873 | D:4      | Reached XP level 7. HP: 68/68 MP: 8/8
  2961 | D:4      | Reached skill level 6 in Unarmed Combat
  3253 | D:4      | Found a glowing golden altar of the Shining One.
  3415 | D:5      | Entered Level 5 of the Dungeon
  3415 | D:5      | Noticed Duvessa
  3415 | D:5      | Noticed Dowan
  3444 | D:5      | Killed Dowan
  3448 | D:5      | Slain by Duvessa

Skill      XL: |  1  2  3  4  5  6  7 |
---------------+----------------------+-----
Unarmed Combat | 4 5 6 |  6.4
Fighting       | 3 4 |  4.1
Dodging        | 3 |  3.1
Invocations    | 1 2 3 |  3.9
Stealth        | |  1.0

Action                   |  1- 3 |  4- 6 |  7- 9 || total
-------------------------+-------+-------+-------++-------
Melee: Unarmed           |   115 |   166 |    58 ||   339
       Punch             |     1 |     2 |     1 ||     4
  Use: Scroll            |       |    13 |       ||    13
 Stab: Sleeping          |     4 |     1 |     1 ||     6
  Eat: Chunk             |    18 |    14 |     5 ||    37
Armor: Robe              |    38 |    40 |    17 ||    95
Dodge: Dodged            |    57 |    82 |    24 ||   163
